 Dungeon Crawl Stone Soup version 0.23.2-33-g5129a83184 (webtiles) character file.

Game seed: 557916556524346255

46 Atelerd the Magician (level 3, 0/21 HPs)
             Began as an Octopode Wizard on July 16, 2019.
             Slain by a worm (9 damage)
             ... on level 2 of the Dungeon.
             The game lasted 00:02:31 (1612 turns).

Atelerd the Magician (Octopode Wizard)              Turns: 1612, Time: 00:02:32

Health: 0/21       AC:  1    Str:  6    XL:     3   Next: 68%
Magic:  1/7        EV: 13    Int: 21    God:
Gold:   30         SH:  0    Dex: 10    Spells: 2/8 levels left

rFire    . . .     SeeInvis .   g - +0 hunting sling (freeze)
rCold    . . .     Gourm    .   (no shield)
rNeg     . . .     Faith    .   a - +0 hat
rPois    .         Spirit   .   (no amulet)
rElec    .         Reflect  .   (no ring)
rCorr    .         Harm     .   (no ring)
MR       .....                  (no ring)
Stlth    +++.......             (no ring)
HPRegen  0.07/turn              (no ring)
MPRegen  0.10/turn              (no ring)
                                (no ring)
                                (no ring)

@: no status effects
A: almost no armour, stealthy swim, amphibious, 8 rings, constrict 8, camouflage
1, gelatinous body 1
a: no special abilities


You were on level 2 of the Dungeon.
You were near starving.

You visited 1 branch of the dungeon, and saw 2 of its levels.

You collected 30 gold pieces.

Inventory:

Hand Weapons
 g - a +0 hunting sling of freezing (weapon)
Armour
 a - a +0 hat (worn)
Scrolls
 e - a scroll of amnesia
 f - a scroll of blinking {unknown}
Potions
 d - 2 potions of brilliance {unknown}
Comestibles
 c - 2 rations


   Skills:
 - Level 2.0 Dodging
 - Level 2.6 Stealth
 + Level 3.4 Spellcasting
 * Level 2.8 Conjurations
   Level 1.0 Summonings
 - Level 1.0 Translocations


You had 2 spell levels left.
You knew the following spells:

 Your Spells              Type           Power        Failure   Level  Hunger
a - Magic Dart            Conj           ###.         3%          1    None
b - Mephitic Cloud        Conj/Pois/Air  #.......     26%         3    ###....
c - Blink                 Tloc           N/A          13%         2    ##.....

Your spell library contained the following spells:

 Spells                   Type           Power        Failure   Level  Hunger
 Call Imp                 Summ           #.......     13%         2    ##.....
 Slow                     Hex            #.......     19%         2    ##.....
 Conjure Flame            Conj/Fire      #.......     22%         3    ###....


Dungeon Overview and Level Annotations

Branches:
Dungeon (1/15)

Altars:

Annotations:
D:2 Robin


Innate Abilities, Weirdness & Mutations

You cannot wear most types of armour.
You are very stealthy in the water. (Stealth+)
You are amphibious.
You can wear up to eight rings at the same time.
You can use your tentacles to constrict eight enemies at once.
Your skin changes colour to match your surroundings (Stealth+).
Your rubbery body absorbs attacks. (AC +1, EV +1)


Message History

Casting: Magic Dart (safe; 3% risk of failure)
Confirm with . or Enter, or press ? or * to list all spells.
Aiming: Magic Dart (safe; 3% risk of failure)
Press: ? - help, Shift-Dir - straight line, f/p - worm
Aim: a worm (moderately wounded)
The magic dart hits the worm.
The worm is heavily wounded.
Casting: Magic Dart (safe; 3% risk of failure)
Confirm with . or Enter, or press ? or * to list all spells.
Aiming: Magic Dart (safe; 3% risk of failure)
Press: ? - help, Shift-Dir - straight line, f/p - worm
Aim: a worm (heavily wounded)
The magic dart hits the worm.
The worm is severely wounded.
The worm bites you!
Ouch! That really hurt!
There is a stone staircase leading up here.
You see here a frilled lizard corpse.
The worm bites you!
You die...

#...#### #..#
... ## # .# #.#
###..# ##...#
#.@# ###w##
#...########
######..........
................
#######'#######.
#.# #..#
#####.##### ..#
#...'.'...#


You could see a worm.

Vanquished Creatures
  Natasha (D:2)
  2 bats
  5 goblins
  6 hobgoblins
  A ball python (D:2)
  2 frilled lizards (D:2)
  2 kobolds (D:1)
  A rat (D:2)
20 creatures vanquished.

Notes
Turn   | Place    | Note
-------+----------+-------------------------------------------
     0 | D:1      | Atelerd the Octopode Wizard began the quest for the Orb.
     0 | D:1      | Reached XP level 1. HP: 11/11 MP: 4/4
   562 | D:1      | Reached XP level 2. HP: 9/17 MP: 0/6
  1095 | D:1      | You fall through a shaft!
  1096 | D:2      | Noticed Natasha
  1098 | D:2      | Killed Natasha
  1098 | D:2      | Reached XP level 3. HP: 21/21 MP: 7/7
  1159 | D:2      | Learned a level 3 spell: Mephitic Cloud
  1162 | D:2      | Learned a level 2 spell: Blink
  1231 | D:2      | Noticed Robin
  1612 | D:2      | Slain by a worm

Skill      XL: |  1  2 |
---------------+-------+-----
Conjurations   | 2 |  2.8
Dodging        | |  2.0
Stealth        | |  2.6
Spellcasting   | |  3.4
Summonings     | |  1.0
Translocations | |  1.0

Action                   || total
-------------------------++-------
Melee: Unarmed           ||    11
       Constrict         ||     4
       Tentacles         ||     1
       Hunting sling     ||     7
 Fire: Hunting sling     ||    20
 Cast: Magic Dart        ||    39
       Mephitic Cloud    ||     1
  Use: Scroll            ||     3
Armor: Skin              ||     3
Dodge: Dodged            ||    28
